 Dungeon Crawl Stone Soup version 0.31-a0-187-gba352fbbf7 (webtiles) character file.

Game seed: 15854379001439749484

231 qw the Skirmisher (level 5, -5/30 HPs)
             Began as a Deep Elf Hunter on June 22, 2023.
             Slain by Terence
             ... wielding a +0 mace
              (6 damage)
             ... on level 2 of the Dungeon.
             The game lasted 00:00:25 (1245 turns).

qw the Skirmisher (Deep Elf Hunter)                 Turns: 1245, Time: 00:00:26

Health: -5/30      AC:  3    Str: 10    XL:     5   Next: 73%
Magic:  7/7        EV: 12    Int: 14    God:
Gold:   104        SH:  0    Dex: 18    Spells: 4/4 levels left

rFire   . . .        Y - +0 shortbow
rCold   . . .        (shield currently unavailable)
rNeg    . . .        c - +0 leather armour
rPois   .            (no helmet)
rElec   .            (no cloak)
rCorr   .            (no gloves)
SInv    .            (no boots)
Will    .....        (no amulet)
Stlth   ++           (no ring)
HPRegen 0.25/turn    (no ring)
MPRegen 0.10/turn

%: no passive effects
@: slowed, very slow
A: no striking features
a: no special abilities


You were on level 2 of the Dungeon.
You visited 1 branch of the dungeon, and saw 2 of its levels.

You collected 104 gold pieces.


   Skills:
 + Level 1.7 Fighting
 - Level 9.0 Ranged Weapons
 - Level 3.0 Dodging
 - Level 1.2 Stealth


You had 4 spell levels left.
You didn't know any spells.
Your spell library was empty.

Inventory:

Hand Weapons
 Y - a +0 shortbow (weapon)
Armour
 c - a +0 leather armour (worn)
 e - a +0 ring mail
Scrolls
 a - a scroll of identify
 b - a scroll of silence {unknown}
Potions
 d - a potion of berserk rage {unknown}
 f - a potion of curing {unknown}

Dungeon Overview and Level Annotations

Branches:
Dungeon (2/15)

Altars:

Annotations:
D:2 Natasha, Terence


Message History

Enter note: Terence and Natasha come into view.
Terence is wielding a +0 mace and wearing a +2 scale mail of poison resistance.
Enter note:
Enter note:
Enter note: You shoot an arrow.
The arrow hits Terence.
Terence is lightly wounded.
Natasha stares at you and mumbles some strange words.
You feel yourself slow down.
1237 ||| Stepping ~*~*~tactically~*~*~ (outnumbered).
1238 ||| Stepping ~*~*~tactically~*~*~ (outnumbered).
You shoot an arrow.
The arrow hits Terence but does no damage.
Terence is lightly wounded.
Terence completely misses you.
You shoot an arrow.
The arrow hits Terence but does no damage.
Terence is lightly wounded.
Terence hits you with a +0 mace! Natasha misses you. Terence misses you.
You shoot an arrow. The arrow hits Terence.
Terence is moderately wounded.
Natasha closely misses you. Terence closely misses you.
You shoot an arrow. The arrow completely misses Terence.
Natasha barely misses you. Terence hits you with a +0 mace!
Natasha closely misses you.
You shoot an arrow. The arrow closely misses Terence.
Terence hits you with a +0 mace. Natasha casts a spell at you.
You feel as though you will be slow longer.
Terence misses you.
You shoot an arrow.
The arrow hits Terence but does no damage.
Terence is moderately wounded.
Natasha closely misses you. Terence hits you with a +0 mace.
Natasha closely misses you.
You shoot an arrow. The arrow closely misses Terence.
Terence hits you with a +0 mace. Natasha claws you.
Terence hits you with a +0 mace.
You die...

........## #......).......
.........# #..####)#######
.........# #..##...).##
.........# #...##...#.# #
.........# #...###(...#.##
........## #...###.......#
........+###...#.#.8(#.###
........##.....##..8.#%#
........##.##.##@..##.##
......>#...##.#h@### #..
##.###.#.####.#.## ###
...###...##.#..........
#####....%..#....h#####
.......#....###.#...
...###.#......#.#.###
.).....#...##.#.###
##<###........#.#


You could see Terence and Natasha.

Vanquished Creatures
  Sigmund (D:2)
  3 adders (D:2)
  A gnoll (D:1)
  A dart slug (D:1)
  3 orcs (D:2)
  3 endoplasms (D:1)
  3 giant cockroaches (D:1)
  3 goblins
  5 hobgoblins
  2 ball pythons (D:1)
  3 bats (D:1)
  3 kobolds (D:1)
  3 rats
34 creatures vanquished.

Notes
Turn   | Place    | Note
-------+----------+-------------------------------------------
     0 | D:1      | qw the Deep Elf Hunter began the quest for the Orb.
     0 | D:1      | Reached XP level 1. HP: 12/12 MP: 3/3
     0 | D:1      | 0 ||| qw: Version: 0.3-a-9-g12657ce
     0 | D:1      | 0 ||| qw: Game counter: 2258
     0 | D:1      | 0 ||| qw: Always use a shield: true
     0 | D:1      | 0 ||| qw: God list: Okawaru
     0 | D:1      | 0 ||| qw: Allow faded altars: false
     0 | D:1      | 0 ||| qw: Do Orc after D:15 true
     0 | D:1      | 0 ||| qw: Do second Lair branch before Depths: true
     0 | D:1      | 0 ||| qw: Lair rune preference: random
     0 | D:1      | 0 ||| qw: Plans: Normal
     0 | D:1      | 0 ||| PLANNING D:1-11
   123 | D:1      | Reached skill level 6 in Ranged Weapons
   123 | D:1      | Reached XP level 2. HP: 15/16 MP: 4/4
   491 | D:1      | Reached XP level 3. HP: 20/20 MP: 5/5
   900 | D:1      | 900 ||| READING 2 scrolls labelled FUSOXU TOLID.
   901 | D:1      | 901 ||| READING scroll labelled XIEDUCIHER.
   905 | D:1      | 905 ||| READING scroll labelled VORUNU LIZI.
   906 | D:1      | 906 ||| DROPPING scroll of butterflies.
   922 | D:2      | Found a faded altar of an unknown god.
   932 | D:2      | Noticed Sigmund
   941 | D:2      | Killed Sigmund
   942 | D:2      | Reached skill level 8 in Ranged Weapons
   942 | D:2      | Reached XP level 4. HP: 10/25 MP: 6/6
   942 | D:2      | Reached XP level 5. HP: 11/29 MP: 7/7
   951 | D:2      | Reached skill level 9 in Ranged Weapons
  1107 | D:2      | Reached skill level 3 in Dodging
  1112 | D:2      | HP: 5/29 [orc/+0 trident (6)]
  1117 | D:2      | HP: 5/30 [orc/+0 trident (1)]
  1235 | D:2      | Noticed Terence
  1235 | D:2      | Noticed Natasha
  1237 | D:2      | 1237 ||| Stepping ~*~*~tactically~*~*~ (outnumbered).
  1238 | D:2      | 1238 ||| Stepping ~*~*~tactically~*~*~ (outnumbered).
  1245 | D:2      | HP: 4/30 [Terence/+0 mace (5)]
  1245 | D:2      | HP: 1/30 [Natasha (3)]
  1245 | D:2      | Slain by Terence

Levels and vault maps discovered:
D:1:      minmay_arrival_arboretum_large, layout_loops_corners,
          minmay_fountain_box, amcnicky_mini_corridor_feature,
          minmay_tetromino_o2
D:2:      wad_river_or_something, layout_basic,
          dreamdust_ecumenical_altar_statues, interstate_on_off,
          guppyfry_early_orc_mine, uniq_sigmund, uniq_terence, uniq_natasha

Skill      XL: |  1  2  3  4  5 |
---------------+----------------+-----
Ranged Weapons | 6 8 9 |  9.0
Dodging        | 3 |  3.0
Fighting       | |  1.7
Stealth        | |  1.2

Action                     |  1- 3 |  4- 6 || total
---------------------------+-------+-------++-------
   Fire: Shortbow          |    72 |    39 ||   111
    Use: Scroll            |     3 |       ||     3
 Armour: Leather armour    |     4 |     1 ||     5
  Dodge: Dodged            |    17 |    19 ||    36

Table legend:
 A = Non-vault XP
 B = Vault XP
 C = Vault XP percentage of total XP
 D = Non-vault monster count
 E = Vault monster count
 F = Vault count percentage of total count
                 A         B        C        D         E       F
            +---------+---------+-------+---------+---------+-------
      Total |      88 |     243 |  73.4 |      24 |      10 |  29.4
            +---------+---------+-------+---------+---------+-------
        D:1 |      48 |       3 |   5.9 |      20 |       2 |   9.1
        D:2 |      40 |     240 |  85.7 |       4 |       8 |  66.7
            +---------+---------+-------+---------+---------+-------
